 Dungeon Sprint DCSS version 0.19.1 (webtiles) character file.

20 equalderp2856 the Scratcher (level 2, -2/15 HPs)
             Began as a Felid Fighter on Dec 17, 2016.
             Was an Initiate of Gozag.
             Slain by a killer bee (7 damage)
             ... in the Dungeon (Sprint IX: "|||||||||||||||||||||||||||||").
             The game lasted 00:00:51 (185 turns).

equalderp2856 the Scratcher (Felid Fighter)          Turns: 185, Time: 00:00:52

Health: -2/15      AC:  1    Str: 18    XL:     2   Next: 58%
Magic:  3/3        EV: 20    Int:  9    God:    Gozag
Gold:   0          SH:  0    Dex: 15    Spells: 0 memorised, 1 level left
                                        Lives:  0   Deaths: 0

rFire  . . .     SeeInvis +       - Unarmed
rCold  . . .     Gourm    .     (armour unavailable)
rNeg   . . .     Faith    .     (shield unavailable)
rPois  .         Spirit   .     (helmet unavailable)
rElec  .         Reflect  .     (cloak unavailable)
rCorr  .         Harm     .     (gloves unavailable)
MR     .....     NoTele   +     (boots unavailable)
Stlth  ++........               (no amulet)
                                n - +3 ring of strength
                                m - +3 ring of strength

@: quick
A: no armour, no weapons or thrown items, stealth, claws 1, fangs 3, see
invisible, carnivore 3, speed 1, shaggy fur 1, slow metabolism 1, sharp paws
a: Potion Petition, Call Merchant, Bribe Branch, Renounce Religion


You were in the Dungeon.
You worshipped Gozag.
Gozag was noncommittal.
You were not hungry.

You visited 1 branch

Inventory:

Jewellery
 m - a +3 ring of strength (left paw)
 n - a +3 ring of strength (right paw)
Wands
 l - a wand of lightning (7/15)
Scrolls
 h - 2 scrolls of blinking
 j - 3 scrolls of remove curse
 k - 2 scrolls of amnesia
Potions
 a - a potion of might
 c - 3 potions of curing
 d - 2 potions of heal wounds
 e - a potion of haste
 f - 4 potions of magic
 g - a potion of berserk rage
 i - a potion of invisibility
Comestibles
 b - a meat ration


   Skills:
 + Level 4.0 Fighting
 + Level 4.9 Dodging
 + Level 5.7 Unarmed Combat


You had one spell level left.
You didn't know any spells.

Dungeon Overview and Level Annotations

Branches:
Dungeon (1/1)

Altars:
Cheibriados
Dithmenos
Elyvilon
Fedhas
Gozag
Hepliaklqana
Kikubaaqudgha
Makhleb
Nemelex Xobeh
Okawaru
Qazlal
Ru
Sif Muna
Trog
Uskayaw
Vehumet
Xom
Yredelemnul
Zin
The Shining One
Beogh
Jiyva
Lugonu


Innate Abilities, Weirdness & Mutations

You cannot wear armour.
You are incapable of wielding weapons or throwing items.
Your paws allow you to move quietly. (Stealth)
You have sharp claws.
You have razor-sharp teeth.
You have supernaturally acute eyesight. (SInv)
You are carnivorous and can eat meat at any time.
You cover ground quickly.
You are covered in fur. (AC +1)
You have a slow metabolism.
Your sharp claws are effective at attacking unaware monsters.


Message History

The killer bee poisons you! The killer bee barely misses you.
You closely miss the killer bee.
You feel sick. The killer bee stings you. The killer bee completely misses you.
You feel better. The killer bee completely misses you.
The killer bee closely misses you.
You barely miss the killer bee. Your bite misses the killer bee.
The killer bee barely misses you. The killer bee misses you.
You barely miss the killer bee. The killer bee completely misses you.
You miss the killer bee. The killer bee misses you. x2
You miss the killer bee. The killer bee stings you.
You are lethally poisoned!
The killer bee poisons you! The killer bee stings you!
* * * LOW HITPOINT WARNING * * *
You feel better. The killer bee closely misses you.
The killer bee completely misses you.
You feel much better. The killer bee stings you!
Ouch! That really hurt!
The killer bee stings you!
You die...
Your body crumbles into a pile of gold.

▓+▓
▓S▓
$
▓S▓
$
▓H▓
$
▓Y▓
$
▓Z▓
$
▓y▓
▓@▓
$
▓.▓
▓.▓
$
▓[▓
▓[▓
$
▓[▓
▓)▓
$
▓|▓
$
▓.▓
$


You could see a hippogriff, an ice beast, a killer bee, 2 adders and a bat
zombie.

Vanquished Creatures
  An adder (D)
  A ball python (D)
  A bat zombie (D)
  A giant cockroach (D)
  3 goblins (D)
  A hobgoblin (D)
  A jackal (D)
  A ball python skeleton (D)
10 creatures vanquished.

Notes
Turn   | Place    | Note
-------+----------+-------------------------------------------
     0 | D        | equalderp2856 the Felid Fighter began the quest for the Orb.
     0 | D        | Reached XP level 1. HP: 10/10 MP: 2/2
    12 | D        | Reached skill level 5 in Unarmed Combat
   112 | D        | Reached XP level 2. HP: 12/14 MP: 3/3
   130 | D        | Found a roughly hewn altar of Beogh.
   130 | D        | Found a snail-covered altar of Cheibriados.
   130 | D        | Found a shadowy altar of Dithmenos.
   130 | D        | Found a white marble altar of Elyvilon.
   130 | D        | Found a blossoming altar of Fedhas.
   130 | D        | Found an opulent altar of Gozag.
   131 | D        | Found a hazy altar of Hepliaklqana.
   132 | D        | Found a viscous altar of Jiyva.
   133 | D        | Found an ancient bone altar of Kikubaaqudgha.
   134 | D        | Found a corrupted altar of Lugonu.
   135 | D        | Found a burning altar of Makhleb.
   136 | D        | Found a sparkling altar of Nemelex Xobeh.
   137 | D        | Found an iron altar of Okawaru.
   138 | D        | Became a worshipper of Gozag Ym Sagoz the Greedy
   139 | D        | Found a stormy altar of Qazlal.
   140 | D        | Found a sacrificial altar of Ru.
   141 | D        | Found a deep blue altar of Sif Muna.
   142 | D        | Found a bloodstained altar of Trog.
   143 | D        | Found a hide-covered altar of Uskayaw.
   144 | D        | Found a radiant altar of Vehumet.
   145 | D        | Found a shimmering altar of Xom.
   146 | D        | Found a basalt altar of Yredelemnul.
   147 | D        | Found a glowing silver altar of Zin.
   148 | D        | Found a glowing golden altar of the Shining One.
   175 | D        | Noticed a hippogriff
   175 | D        | Noticed an ice beast
   175 | D        | Noticed a killer bee
   185 | D        | Slain by a killer bee

Skill      XL: |  1  2 |
---------------+-------+-----
Unarmed Combat | 5 |  5.7
Fighting       | 4 |  4.0
Dodging        | |  4.9

Action                   || total
-------------------------++-------
Melee: Unarmed           ||    25
       Bite              ||     1
  Use: Potion            ||     3
  Eat: Chunk             ||     1
Armor: Skin              ||     1
Dodge: Dodged            ||    26
